[Event "Titled Tuesday Blitz February 28 Early 2023"]
[White "Vagman, Roy"]
[Black "Mahdavi, Reza"]
[WhiteFideId "2828995"]
[BlackFideId "12595926"]
[WhiteElo "2188"]
[BlackElo "2242"]
[Result "0-1"]
[Round "06"]
[TimeControl "180+2"]
[Date "2023.02.28"]
[WhiteClock "0:01:59"]
[BlackClock "0:02:06"]

1. Nf3 Nf6 2. c4 g6 3. Nc3 Bg7 4. g3 d6 5. Bg2 Bd7 6. O-O Qc8 7. Re1 Bh3 8. Bh1 h5 9. d4 h4 10. Bg5 hxg3 11. hxg3 Nc6 12. d5 Nb8 13. e4 Nbd7 14. e5 dxe5 15. Nxe5 Nxe5 16. Rxe5 Bg4 17. Qe1 Rxh1+ 18. Kxh1 Bf3+ 19. Kh2 Ng4+ 20. Kg1 Nxe5 21. Qf1 Qg4 0-1


[Site "https://www.chess.com"]

[Event "Titled Tuesday Blitz February 28 Early 2023"]
[White "Daneshvar, Bardiya"]
[Black "Kopczynski, Michal"]
[WhiteFideId "12576468"]
[BlackFideId "1124200"]
[WhiteElo "2482"]
[BlackElo "2212"]
[Result "1-0"]
[Round "06"]
[TimeControl "180+2"]
[Date "2023.02.28"]
[WhiteClock "0:01:46"]
[BlackClock "0:00:27"]

1. b3 d6 2. Bb2 e5 3. g3 f5 4. Bg2 Nf6 5. e3 Be7 6. Ne2 O-O 7. O-O Nc6 8. c4 e4 9. d3 exd3 10. Nf4 Ne5 11. Nxd3 Nxd3 12. Qxd3 Rb8 13. Nc3 Bd7 14. Nd5 Nxd5 15. Qxd5+ Kh8 16. Rad1 Bf6 17. Bxf6 Qxf6 18. Qa5 Bc6 19. Bxc6 bxc6 20. Qxc7 d5 21. cxd5 cxd5 22. Rxd5 h5 23. Qxa7 Ra8 24. Qd4 Qg6 25. Rd6 Qg5 26. h4 Qe7 27. Rh6+ Kg8 28. Qd5+ Qf7 29. Qxf7+ Rxf7 30. Rxh5 Rxa2 31. Rg5 Rb2 32. Rc1 Rxb3 33. Rc5 f4 34. exf4 Rd7 35. Kg2 Rb2 36. Rc3 Rdd2 37. Rf3 Kh7 38. f5 Re2 39. f6 gxf6 40. Rxf6 Red2 41. h5 Re2 42. h6 Re7 43. Rgf5 Rbe2 44. g4 R2e4 45. g5 Rg4+ 46. Kh3 Rg1 47. Rf7+ Rxf7 48. Rxf7+ Kg6 49. Rg7+ Kf5 50. h7 Kf4 51. Kh2 1-0


[Site "https://www.chess.com"]

[Event "Titled Tuesday Blitz February 28 Early 2023"]
[White "Koellner, Ruben Gideon"]
[Black "Dominguez Perez, Leinier"]
[WhiteFideId "12993093"]
[BlackFideId "3503240"]
[WhiteElo "2303"]
[BlackElo "2647"]
[Result "0-1"]
[Round "06"]
[TimeControl "180+2"]
[Date "2023.02.28"]
[WhiteClock "0:00:02"]
[BlackClock "0:00:55"]

1. d4 Nf6 2. Nf3 d5 3. e3 c5 4. c3 e6 5. Nbd2 Nbd7 6. Bd3 b6 7. Ne5 Bb7 8. f4 Be7 9. Qf3 O-O 10. O-O Qc7 11. g4 a5 12. g5 Ne8 13. Bxh7+ Kxh7 14. Qh5+ Kg8 15. Rf3 Nef6 16. Qh4 g6 17. gxf6 Nxf6 18. Rh3 Nh5 19. Qg4 Ng7 20. Rh6 Bf6 21. Ndf3 Nf5 22. Rh3 Kg7 23. Ng5 Bxg5 24. fxg5 Rh8 25. e4 dxe4 26. Bf4 Rxh3 27. Qxh3 e3 28. Nd3 Qc6 29. Be5+ Kf8 30. Qh8+ Ke7 31. Bf6+ Kd6 32. Be5+ Kd7 0-1


[Site "https://www.chess.com"]

[Event "Titled Tuesday Blitz February 28 Early 2023"]
[White "Tologon tegin, Semetei"]
[Black "Yilmaz, Mustafa"]
[WhiteFideId "13800574"]
[BlackFideId "6302718"]
[WhiteElo "2247"]
[BlackElo "2523"]
[Result "0-1"]
[Round "06"]
[TimeControl "180+2"]
[Date "2023.02.28"]
[WhiteClock "0:00:05"]
[BlackClock "0:00:09"]

1. d4 d5 2. c4 e6 3. Nc3 Nf6 4. cxd5 exd5 5. Bg5 c6 6. e3 Be7 7. Bd3 Nbd7 8. Qc2 Nh5 9. Bxe7 Qxe7 10. Nge2 g6 11. O-O-O Nb6 12. Kb1 Ng7 13. Ka1 Bf5 14. Nf4 O-O-O 15. h3 Kb8 16. Rc1 Rc8 17. g4 Bxd3 18. Nxd3 h5 19. Ne5 g5 20. Na4 Nxa4 21. Qxa4 Qe6 22. Qb3 hxg4 23. hxg4 Rxh1 24. Rxh1 f6 25. Nd3 Qxg4 26. Nc5 b6 27. a4 Kc7 28. Rh7 Rg8 29. Na6+ Kd7 30. Nb8+ Kc7 31. Na6+ Kb7 32. Nc5+ Kc8 33. Qd3 bxc5 34. Qa6+ Kb8 35. Qxc6 Qc8 36. Qxd5 cxd4 37. Qb3+ Ka8 38. Qd5+ Kb8 39. Qb3+ Kc7 40. Qf7+ Qd7 41. Qxf6 Qxa4+ 42. Kb1 Qd1+ 43. Ka2 Qa4+ 44. Kb1 Qd7 45. Qe5+ Kc8 46. exd4 Qf5+ 47. Kc1 Qxe5 48. dxe5 Kd7 49. Kd2 Ke6 50. Rh6+ Kxe5 51. Ra6 Ra8 52. Ke3 Nf5+ 53. Kf3 Nd4+ 54. Kg4 Ne6 55. Ra5+ Kf6 56. b4 Rh8 57. Rxa7 Rh4+ 58. Kg3 Rxb4 59. f3 Rb3 60. Ra6 Rd3 61. Rc6 Rd5 62. Ra6 Kf5 63. Ra4 Nf4 64. Ra8 Ne2+ 65. Kf2 Nf4 66. Rf8+ Kg6 67. Rg8+ Kf7 68. Ra8 Rd2+ 69. Ke3 Re2+ 70. Kd4 Kf6 71. Rf8+ Kg7 72. Ra8 Re7 73. Kc4 Re3 74. Ra5 Kg6 75. Kd4 Rxf3 76. Ra6+ Kf5 77. Ra5+ Kg4 78. Ke4 Rf1 79. Ra2 Re1+ 80. Kd4 Re8 81. Rf2 Kg3 82. Rf1 Ne2+ 83. Kd3 Nf4+ 84. Kd2 g4 85. Rg1+ Ng2 86. Kd3 Kf2 87. Rb1 Nf4+ 88. Kd4 g3 89. Rb2+ Ne2+ 90. Kd3 g2 91. Rb7 Rd8+ 92. Kc2 g1=Q 93. Rf7+ Ke1 94. Re7 Qc5+ 95. Kb1 Qxe7 0-1


[Site "https://www.chess.com"]

[Event "Titled Tuesday Blitz February 28 Early 2023"]
[White "Demchenko, Anton"]
[Black "Domingo Nunez, Alejandro"]
[WhiteFideId "4160258"]
[BlackFideId "22245561"]
[WhiteElo "2545"]
[BlackElo "2230"]
[Result "1-0"]
[Round "06"]
[TimeControl "180+2"]
[Date "2023.02.28"]
[WhiteClock "0:00:21"]
[BlackClock "0:00:01"]

1. a3 g6 2. e4 Bg7 3. h4 h5 4. d4 c6 5. Nc3 d5 6. exd5 cxd5 7. Bf4 Nf6 8. Nb5 Na6 9. Bd3 O-O 10. c3 Re8 11. Ne2 Nd7 12. Qd2 e5 13. Bg5 Qb6 14. a4 e4 15. Bc2 Nf6 16. Bf4 Bd7 17. Nd6 Re6 18. a5 Qd8 19. Nxb7 Qe7 20. Nc5 Nxc5 21. dxc5 Ng4 22. Be3 Rc8 23. b4 Bb5 24. Nd4 Bxd4 25. Qxd4 Re5 26. Bd1 Nxe3 27. Qxe3 d4 28. cxd4 Rd5 29. Bb3 Rd7 30. g4 Bd3 31. gxh5 Qf6 32. hxg6 Rxd4 33. gxf7+ Kf8 34. Qg5 Ke7 35. Qxf6+ Kxf6 36. Rg1 Rxb4 37. Rg8 Rbb8 38. Kd2 1-0


[Site "https://www.chess.com"]

[Event "Titled Tuesday Blitz February 28 Early 2023"]
[White "Chigaev, Maksim"]
[Black "Fiorito, Francisco"]
[WhiteFideId "4108116"]
[BlackFideId "180165"]
[WhiteElo "2547"]
[BlackElo "2341"]
[Result "1-0"]
[Round "06"]
[TimeControl "180+2"]
[Date "2023.02.28"]
[WhiteClock "0:00:05"]
[BlackClock "0:00:02"]

1. Nf3 Nf6 2. c4 b6 3. g3 Bb7 4. Bg2 g6 5. O-O Bg7 6. d4 O-O 7. d5 Na6 8. Nd4 Nc5 9. Nc3 a5 10. b3 e6 11. Bb2 e5 12. Ndb5 d6 13. a3 Ne8 14. b4 axb4 15. axb4 Rxa1 16. Bxa1 Na6 17. Qa4 f5 18. Na7 e4 19. Nc6 Qg5 20. e3 Bf6 21. Nb5 Bxa1 22. Rxa1 Qf6 23. Nbd4 Ng7 24. Rf1 h5 25. h4 Ra8 26. Qb3 Kh7 27. Rc1 Re8 28. Qa4 g5 29. hxg5 Qxg5 30. Ne2 h4 31. Qa3 Nh5 32. c5 bxc5 33. b5 Bxc6 34. dxc6 Nb4 35. b6 Nxc6 36. Qa4 hxg3 37. Qxc6 gxf2+ 38. Kxf2 Rg8 39. Rg1 Qh4+ 40. Kf1 Qg4 41. Qxc7+ Rg7 42. Qxd6 Qh4 43. Rh1 Qg4 44. Qh2 Kg8 45. Rg1 Nf6 46. Bh1 Qh5 47. Qxh5 Rxg1+ 48. Kxg1 Nxh5 49. b7 1-0


[Site "https://www.chess.com"]

[Event "Titled Tuesday Blitz February 28 Early 2023"]
[White "Postny, Evgeny"]
[Black "Stijve, Theo"]
[WhiteFideId "2804344"]
[BlackFideId "1331132"]
[WhiteElo "2509"]
[BlackElo "2256"]
[Result "1/2-1/2"]
[Round "06"]
[TimeControl "180+2"]
[Date "2023.02.28"]
[WhiteClock "0:00:05"]
[BlackClock "0:00:22"]

1. e4 c5 2. Nf3 e6 3. d4 cxd4 4. Nxd4 Nc6 5. Nb5 Nf6 6. N1c3 Bb4 7. a3 Bxc3+ 8. Nxc3 d5 9. Bd3 dxe4 10. Nxe4 Nxe4 11. Bxe4 Qxd1+ 12. Kxd1 Bd7 13. Be3 f5 14. Bd3 e5 15. f4 e4 16. Bc4 O-O-O 17. Ke1 Rhe8 18. Rd1 Be6 19. Be2 b6 20. Kf2 Rxd1 21. Rxd1 Rd8 22. Rxd8+ Kxd8 23. h3 g6 24. g4 Kc7 25. Kg3 Na5 26. b3 Nc6 27. Kh4 h6 28. c4 Ne7 29. Bd4 Kd6 30. Bg7 Ng8 31. b4 Kc6 32. a4 a5 33. b5+ Kc5 34. Bf8+ Kd4 35. c5 bxc5 36. b6 Bc8 37. Bg7+ Ke3 38. Bc4 Kxf4 39. Bxg8 g5+ 40. Kh5 fxg4 41. hxg4 Bxg4+ 42. Kxh6 Bc8 43. Bc3 g4 44. Be6 Bb7 45. Bxa5 g3 46. Bh3 e3 47. Be1 g2 48. Bxg2 Bxg2 49. a5 Bb7 50. Kg6 Kf3 51. Kf5 Ke2 52. Bc3 Kd3 53. Be1 c4 54. Kf4 c3 55. Bxc3 Kxc3 56. Kxe3 Kb4 57. a6 Bxa6 58. b7 Bxb7 1/2-1/2


[Site "https://www.chess.com"]

[Event "Titled Tuesday Blitz February 28 Early 2023"]
[White "Maximov, Dmitry"]
[Black "Ilinca Ilinca, Felix Antonio"]
[WhiteFideId "14105659"]
[BlackFideId "54764998"]
[WhiteElo "2494"]
[BlackElo "2031"]
[Result "0-1"]
[Round "06"]
[TimeControl "180+2"]
[Date "2023.02.28"]
[WhiteClock "0:00:05"]
[BlackClock "0:00:19"]

1. e4 c5 2. Nf3 e6 3. c3 Nf6 4. Bd3 d5 5. e5 Nfd7 6. Bc2 c4 7. O-O Nc6 8. Re1 Qc7 9. Qe2 g5 10. Nxg5 Qxe5 11. d4 cxd3 12. Bxd3 Bd6 13. g3 h6 14. Nf3 Qxe2 15. Bxe2 Kf8 16. Nbd2 e5 17. Nb3 a5 18. a4 Nc5 19. Nxc5 Bxc5 20. Bd2 Be6 21. Rad1 f6 22. Bb5 Rc8 23. Nh4 Kg7 24. Be3 Bxe3 25. Rxe3 Rhd8 26. f4 e4 27. Kf2 f5 28. Ree1 Kf6 29. Ng2 Na7 30. Bf1 Nc6 31. Rd2 d4 32. cxd4 Rxd4 33. Red1 Rxa4 34. Ne3 Rb4 35. h3 h5 36. g4 hxg4 37. hxg4 fxg4 38. f5 Bxf5 39. Nd5+ Kg5 40. Nxb4 Nxb4 41. Kg3 e3 42. Re2 Re8 43. Bg2 Nd3 44. Bxb7 Nf4 45. Ree1 Nh5+ 46. Kg2 Rb8 47. Ba6 Rxb2+ 48. Be2 Nf4+ 49. Kf1 g3 50. Ra1 Bh3+ 51. Kg1 Nxe2+ 52. Rxe2 Rxe2 53. Rxa5+ Kf6 54. Ra6+ Ke5 55. Ra5+ Kd6 56. Ra6+ Kc7 57. Ra7+ Kb6 58. Ra1 Rf2 59. Rb1+ Ka5 60. Ra1+ Kb4 61. Rb1+ Ka3 62. Re1 e2 63. Ra1+ Kb2 0-1


[Site "https://www.chess.com"]

[Event "Titled Tuesday Blitz February 28 Early 2023"]
[White "Demin, Vladimir"]
[Black "Orozbaev, Eldiar"]
[WhiteFideId "4167457"]
[BlackFideId "13802240"]
[WhiteElo "2559"]
[BlackElo "2201"]
[Result "1-0"]
[Round "06"]
[TimeControl "180+2"]
[Date "2023.02.28"]
[WhiteClock "0:01:41"]
[BlackClock "0:00:28"]

1. e4 e6 2. d4 d5 3. Bd3 c5 4. exd5 Qxd5 5. Nc3 Qxd4 6. Nf3 Qd8 7. Bf4 Nc6 8. Nb5 e5 9. Nxe5 Qe7 10. O-O Nxe5 11. Bxe5 f6 12. Nc7+ Kf7 13. Bc4+ Kg6 14. Bg3 b5 15. Bd3+ 1-0


[Site "https://www.chess.com"]

[Event "Titled Tuesday Blitz February 28 Early 2023"]
[White "Pakleza, Zbigniew"]
[Black "Jimenez Almeida, Luis David"]
[WhiteFideId "1119290"]
[BlackFideId "22242244"]
[WhiteElo "2410"]
[BlackElo "2245"]
[Result "0-1"]
[Round "06"]
[TimeControl "180+2"]
[Date "2023.02.28"]
[WhiteClock "0:00:01"]
[BlackClock "0:00:20"]

1. d4 g6 2. Nf3 Bg7 3. Bf4 c5 4. c3 Nf6 5. e3 O-O 6. Be2 d5 7. O-O Nc6 8. h3 Nd7 9. Bh2 e5 10. Na3 e4 11. Nd2 cxd4 12. cxd4 a6 13. Rc1 h5 14. Qb3 Nf6 15. Nc2 Nh7 16. Nb4 Ne7 17. Rc7 Ng5 18. Rfc1 a5 19. Rxe7 Qxe7 20. Nxd5 Qd8 21. Bc7 Nxh3+ 22. gxh3 Qg5+ 23. Kh2 Be6 24. Rc5 Qh4 25. Bg3 Qxh3+ 26. Kg1 h4 27. Nf4 Bxb3 28. Nxh3 Be6 29. Nf4 hxg3 30. Nxe6 fxe6 31. fxg3 Rfc8 32. Nxe4 b6 33. Rb5 Rc1+ 34. Kg2 Rc2 35. Nc3 e5 36. dxe5 a4 37. Kf3 a3 38. Nd1 Rf8+ 39. Ke4 Rxe2 40. bxa3 Rxa2 41. Rxb6 Rxa3 42. Rxg6 Kf7 43. Rc6 Re8 0-1


[Site "https://www.chess.com"]

[Event "Titled Tuesday Blitz February 28 Early 2023"]
[White "Di Nicolantonio, Lucas"]
[Black "Nur, Shahidee Bin Saharan"]
[WhiteFideId "680460"]
[BlackFideId "5810973"]
[WhiteElo "2358"]
[BlackElo "2749"]
[Result "0-1"]
[Round "06"]
[TimeControl "180+2"]
[Date "2023.02.28"]
[WhiteClock "0:00:14"]
[BlackClock "0:02:07"]

1. Nf3 Nf6 2. c4 g6 3. Nc3 Bg7 4. g3 O-O 5. Bg2 c6 6. d4 d5 7. cxd5 cxd5 8. Ne5 Nc6 9. O-O Bf5 10. Nxc6 bxc6 11. Na4 h5 12. b3 h4 13. Bb2 hxg3 14. hxg3 Ne4 15. Rc1 Rc8 16. Nc5 Bh6 17. e3 Nxg3 18. fxg3 Bxe3+ 19. Kh2 Kg7 20. Rxf5 gxf5 21. Rc3 Rh8+ 22. Bh3 Bg5 23. Kg2 e6 24. Bc1 Qf6 25. Qf3 Bxc1 26. Rxc1 Rxh3 27. Kxh3 Qh6+ 28. Qh5 0-1


[Site "https://www.chess.com"]

[Event "Titled Tuesday Blitz February 28 Early 2023"]
[White "Samunenkov, Ihor"]
[Black "Migot, Tangi"]
[WhiteFideId "14187086"]
[BlackFideId "662445"]
[WhiteElo "2457"]
[BlackElo "2556"]
[Result "1-0"]
[Round "06"]
[TimeControl "180+2"]
[Date "2023.02.28"]
[WhiteClock "0:00:15"]
[BlackClock "0:00:10"]

1. e4 c5 2. Nf3 a6 3. c4 e6 4. d4 cxd4 5. Nxd4 b6 6. a3 Bb7 7. Nc3 Qc7 8. f4 Nf6 9. Bd3 h5 10. b4 d5 11. exd5 Nxd5 12. Nxd5 exd5 13. O-O Be7 14. Nf5 Bf6 15. Re1+ Kf8 16. Ra2 g6 17. Rae2 Nd7 18. Ne7 dxc4 19. Bxc4 Qxc4 20. Qxd7 Qd4+ 21. Qxd4 Bxd4+ 22. Be3 Bxe3+ 23. Rxe3 Kg7 24. f5 Rhf8 25. Rg3 Rae8 26. fxg6 f5 27. Nxf5+ Kf6 28. Rxe8 Rxe8 29. g7 Bd5 30. Nh6 Bg8 31. Nxg8+ Rxg8 32. Kf2 Kf5 33. Kf3 h4 34. Rg4 h3 35. gxh3 a5 36. h4 1-0


[Site "https://www.chess.com"]

[Event "Titled Tuesday Blitz February 28 Early 2023"]
[White "Mammadzada, Gunay"]
[Black "Hambleton, Aman"]
[WhiteFideId "13403729"]
[BlackFideId "2606577"]
[WhiteElo "2396"]
[BlackElo "2511"]
[Result "0-1"]
[Round "06"]
[TimeControl "180+2"]
[Date "2023.02.28"]
[WhiteClock "0:00:01"]
[BlackClock "0:00:02"]

1. e4 b6 2. d4 Bb7 3. Bd3 e6 4. c4 Bb4+ 5. Bd2 Bxd2+ 6. Qxd2 d6 7. Nc3 e5 8. Nge2 Nc6 9. d5 Nce7 10. O-O Nf6 11. Ng3 O-O 12. Rae1 Bc8 13. h3 Ng6 14. Nce2 a5 15. f4 exf4 16. Nxf4 Nxf4 17. Rxf4 Nd7 18. Be2 Ne5 19. Nf5 Bxf5 20. Rxf5 g6 21. Rf2 Kg7 22. Qf4 Qe7 23. Ref1 Rae8 24. h4 h6 25. h5 Qg5 26. Qxg5 hxg5 27. hxg6 fxg6 28. b3 Rxf2 29. Rxf2 Re7 30. Bf1 Rf7 31. Be2 Rf6 32. Rf1 Nf7 33. Re1 Ne5 34. Bf1 Rf4 35. Be2 Kf7 36. Rf1 Kf6 37. g3 Rxf1+ 38. Kxf1 Nf7 39. Kf2 Ke5 40. Ke3 Nh6 41. Bd1 Ng8 42. Bg4 Nf6 43. Bf3 g4 44. Bg2 Nh5 45. Kf2 Kd4 46. a3 Nf6 47. Ke2 a4 0-1


[Site "https://www.chess.com"]

[Event "Titled Tuesday Blitz February 28 Early 2023"]
[White "Roebers, Eline"]
[Black "Goltsev, Dmitry"]
[WhiteFideId "1058401"]
[BlackFideId "24176710"]
[WhiteElo "2552"]
[BlackElo "2302"]
[Result "1-0"]
[Round "06"]
[TimeControl "180+2"]
[Date "2023.02.28"]
[WhiteClock "0:00:54"]
[BlackClock "0:00:33"]

1. e4 e6 2. d4 d5 3. Bd3 c5 4. exd5 exd5 5. Nf3 Nf6 6. O-O Be7 7. dxc5 Bxc5 8. Re1+ Be6 9. Nbd2 Ng4 10. Re2 Qb6 11. Qe1 O-O 12. Nb3 Bd6 13. h3 Nf6 14. Nbd4 Bd7 15. c3 Nc6 16. Bg5 Qd8 17. Qd2 a6 18. Rae1 Rc8 19. Bb1 Nxd4 20. Nxd4 Re8 21. Qd3 Rxe2 22. Rxe2 g6 23. Qf3 Kg7 24. h4 h6 25. Bxf6+ Qxf6 26. Qxd5 Qf4 27. g3 Qc1+ 28. Kh2 Rc6 29. Nxc6 Bxc6 30. Qd4+ Kh7 31. Be4 Qf1 32. Rd2 Bc5 33. Qf6 Be8 34. h5 Qe1 35. hxg6+ fxg6 36. Rd7+ Bxd7 37. Qxg6+ Kh8 38. Qh7# 1-0


[Site "https://www.chess.com"]

[Event "Titled Tuesday Blitz February 28 Early 2023"]
[White "Ordekalog"]
[Black "Hasangatin, Ramil"]
[BlackFideId "4122160"]
[WhiteElo "2579"]
[BlackElo "2310"]
[Result "0-1"]
[Round "06"]
[TimeControl "180+2"]
[Date "2023.02.28"]
[WhiteClock "0:00:01"]
[BlackClock "0:00:37"]

1. e4 d5 2. exd5 Qxd5 3. Nc3 Qd6 4. Nf3 Nf6 5. d4 c6 6. Ne5 Nbd7 7. Nc4 Qc7 8. Qf3 Nb6 9. Bf4 Qd8 10. Ne5 Be6 11. O-O-O Nbd5 12. Bc4 g6 13. Bg5 Bg7 14. Bxf6 Bxf6 15. Nxd5 Bxd5 16. Bxd5 Qxd5 17. Qxd5 cxd5 18. Rhe1 e6 19. Kb1 b5 20. a4 bxa4 21. Rd3 Be7 22. Ka2 Bb4 23. c3 Bd6 24. Rf3 O-O 25. g4 Kg7 26. g5 Rac8 27. h4 Rc7 28. Ng4 Rb8 29. h5 Rcb7 30. h6+ Kg8 31. Re2 Be7 32. Nf6+ Bxf6 33. Rxf6 Rb3 34. Rf3 R8b6 35. Rd3 Kf8 36. Rd1 a3 37. bxa3 Rxc3 38. Rb1 Rxb1 39. Kxb1 f6 40. Rxe6 fxg5 41. Re5 Rxa3 42. Rxd5 Rh3 43. Rd7 Rxh6 44. Kc2 Rh3 45. d5 h5 46. Rxa7 Rf3 47. d6 Rxf2+ 48. Kc3 Ke8 49. Re7+ Kd8 50. Kc4 Rf5 51. Rg7 h4 52. Rxg6 Kd7 53. Kd4 h3 0-1


[Site "https://www.chess.com"]

[Event "Titled Tuesday Blitz February 28 Early 2023"]
[White "Mirzoev, Azer"]
[Black "Martin Duque, Jesus"]
[WhiteFideId "13400304"]
[BlackFideId "2208954"]
[WhiteElo "2525"]
[BlackElo "2305"]
[Result "1-0"]
[Round "06"]
[TimeControl "180+2"]
[Date "2023.02.28"]
[WhiteClock "0:00:07"]
[BlackClock "0:00:03"]

1. c4 b6 2. Nc3 Bb7 3. Nf3 Nf6 4. d4 e6 5. Qc2 Bb4 6. a3 Bxc3+ 7. Qxc3 d6 8. Bg5 Nbd7 9. Nd2 h6 10. Bh4 Qe7 11. f3 c5 12. e3 Rc8 13. Qb3 cxd4 14. exd4 e5 15. dxe5 dxe5 16. Be2 Nc5 17. Qe3 g5 18. Bg3 Nfd7 19. b4 Ne6 20. O-O Nf4 21. Rfe1 h5 22. Bf1 h4 23. Bf2 f6 24. Rac1 Nf8 25. c5 bxc5 26. Ne4 N8e6 27. bxc5 O-O 28. Nd6 Rxc5 29. Rxc5 Qxd6 30. Rb5 Bc6 31. Rb4 a5 32. Rbb1 h3 33. g3 Nd4 34. Rbd1 Qd5 35. Rxd4 exd4 36. Qe4 Qxe4 37. fxe4 Ne6 38. Bxh3 Kf7 39. e5 fxe5 40. Rxe5 Bd7 41. Rxa5 Rc8 42. Ra7 Ke8 43. Bg4 Rc1+ 44. Kg2 Bc6+ 45. Kh3 Nc5 46. Bxd4 Ne4 47. Bh5+ Kd8 48. Kg4 Bd7+ 49. Kf3 Nd2+ 50. Ke2 Nb3 51. Bf6+ Kc8 52. Bxg5 Bb5+ 53. Kf2 Rc2+ 54. Ke3 Rc3+ 55. Kf4 Rc4+ 56. Ke5 Rc5+ 57. Kf6 Rc6+ 58. Kg7 Rc5 59. Kh6 Rc6+ 60. Bg6 Bd3 61. Rg7 Nd4 62. Kh7 Rxg6 63. Rxg6 Ne6 64. Kh6 Nxg5 65. Kxg5 Kd7 66. h4 Ke7 67. h5 Kf7 68. Rd6 Bc2 69. Rd4 Kg7 70. a4 Bxa4 71. Rxa4 1-0


[Site "https://www.chess.com"]

[Event "Titled Tuesday Blitz February 28 Early 2023"]
[White "Dragomirescu, Angela"]
[Black "Aydincelebi, Kagan"]
[WhiteFideId "1209914"]
[BlackFideId "6361102"]
[WhiteElo "2171"]
[BlackElo "2180"]
[Result "0-1"]
[Round "06"]
[TimeControl "180+2"]
[Date "2023.02.28"]
[WhiteClock "0:00:01"]
[BlackClock "0:01:38"]

1. e4 c5 2. Nf3 Nc6 3. d4 cxd4 4. Nxd4 Nf6 5. Nc3 d6 6. Bg5 Bd7 7. f4 Rc8 8. Nxc6 Bxc6 9. Qf3 Qb6 10. Bxf6 gxf6 11. O-O-O e6 12. Bd3 f5 13. Nd5 exd5 14. exd5 Bd7 15. Rhe1+ Kd8 16. Qh5 Be7 17. Qxf7 Re8 18. Bxf5 Qf2 19. Re6 Qxf4+ 20. Kb1 Bxe6 21. Qxe6 Rc7 22. c4 Rf8 0-1


[Site "https://www.chess.com"]

[Event "Titled Tuesday Blitz February 28 Early 2023"]
[White "Turzo, Attila"]
[Black "Barrientos, Sergio E"]
[WhiteFideId "704954"]
[BlackFideId "4401824"]
[WhiteElo "2542"]
[BlackElo "2408"]
[Result "0-1"]
[Round "06"]
[TimeControl "180+2"]
[Date "2023.02.28"]
[WhiteClock "0:00:01"]
[BlackClock "0:00:25"]

1. e4 c6 2. d4 d5 3. exd5 cxd5 4. Bd3 Nc6 5. c3 Qc7 6. Nf3 Bg4 7. O-O e6 8. Re1 Bd6 9. h3 Bh5 10. Be3 Nge7 11. Nbd2 Bg6 12. Qe2 O-O 13. a3 Rae8 14. c4 Qd7 15. c5 Bc7 16. b4 a6 17. Rab1 Nf5 18. a4 e5 19. dxe5 Nxe5 20. Nxe5 Bxe5 21. Qf1 d4 22. Bg5 h6 23. Nf3 Bc7 24. Bd2 Ne3 25. Bxe3 dxe3 26. Bxg6 exf2+ 27. Qxf2 fxg6 28. b5 Rxe1+ 29. Qxe1 axb5 30. axb5 Qd5 31. Qc3 Kh7 32. Rf1 Rf5 33. Rc1 Bf4 34. Rf1 Qxc5+ 35. Qxc5 Rxc5 36. Rb1 Be3+ 37. Kh2 Rc2 38. Kg3 h5 39. h4 Kh6 40. Rb3 Bf2+ 41. Kf4 Rc5 42. Ke4 b6 43. Rb2 Bg3 44. Rb3 Rf5 0-1


[Site "https://www.chess.com"]

[Event "Titled Tuesday Blitz February 28 Early 2023"]
[White "Csonka, Balazs"]
[Black "Kislov, Oleg"]
[WhiteFideId "742910"]
[BlackFideId "13503774"]
[WhiteElo "2404"]
[BlackElo "2186"]
[Result "1-0"]
[Round "06"]
[TimeControl "180+2"]
[Date "2023.02.28"]
[WhiteClock "0:00:36"]
[BlackClock "0:00:20"]

1. d4 Nf6 2. c4 c5 3. Nf3 cxd4 4. Nxd4 e5 5. Nb5 d5 6. cxd5 a6 7. N5c3 e4 8. Bg5 Bc5 9. e3 Bf5 10. Nd2 Qe7 11. Bxf6 Qxf6 12. Ndxe4 Bxe4 13. Qa4+ Kd8 14. Qxe4 Re8 15. Qc2 Nd7 16. Be2 Rc8 17. O-O Bd6 18. Rac1 Qh4 19. g3 Qh3 20. Qa4 Rxe3 21. Bg4 b5 22. Bxh3 bxa4 23. fxe3 Rb8 24. Bxd7 Kxd7 25. Rxf7+ Ke8 26. Rf2 Be5 27. Kg2 Rb7 28. Nxa4 Rb4 29. b3 Kd7 30. Rc4 Rb5 31. e4 Bf6 32. Nc5+ Kd6 33. Nd3 Rb7 34. Rc6+ Kd7 35. e5 Be7 36. e6+ Kd8 37. Rf7 g5 38. d6 Ke8 39. Rc8+ Bd8 40. Rxb7 h6 41. Kf3 a5 42. Kg4 h5+ 43. Kxh5 a4 44. bxa4 g4 45. Kxg4 Kf8 46. a5 Ke8 47. a6 Kf8 48. a7 Ke8 49. a8=Q Kf8 50. Rd7 Ke8 51. a4 Kf8 52. a5 1-0


[Site "https://www.chess.com"]

[Event "Titled Tuesday Blitz February 28 Early 2023"]
[White "Reprintsev, Alexander"]
[Black "Srihari L R"]
[WhiteFideId "14100541"]
[BlackFideId "46617116"]
[WhiteElo "2250"]
[BlackElo "2334"]
[Result "0-1"]
[Round "06"]
[TimeControl "180+2"]
[Date "2023.02.28"]
[WhiteClock "0:00:45"]
[BlackClock "0:01:00"]

1. e4 c5 2. b3 Nf6 3. e5 Nd5 4. Nc3 Nc7 5. d4 cxd4 6. Qxd4 Nc6 7. Qe3 d5 8. exd6 Qxd6 9. Bb2 Bf5 10. Rd1 Qe6 11. Qxe6 Nxe6 12. Bd3 Bxd3 13. Rxd3 Nf4 14. Rg3 Nb4 15. Kd2 O-O-O+ 16. Kc1 g6 17. a3 Nc6 18. Nh3 Bh6 19. Kb1 Nh5 20. Rf3 Ne5 21. Nb5 Nxf3 22. Bxh8 Nd2+ 23. Kb2 Rxh8 24. Nxa7+ Kb8 25. Nb5 Bg7+ 26. c3 Ne4 27. f3 Nc5 28. Ng5 h6 29. Nxf7 Rf8 30. Rd1 Ne6 31. Re1 Nhf4 32. Ne5 Bxe5 33. Rxe5 Nd3+ 0-1


[Site "https://www.chess.com"]

[Event "Titled Tuesday Blitz February 28 Early 2023"]
[White "Jaskolka, Tomasz"]
[Black "Nazari, Arad"]
[WhiteFideId "1170791"]
[BlackFideId "12577324"]
[WhiteElo "2155"]
[BlackElo "2242"]
[Result "0-1"]
[Round "06"]
[TimeControl "180+2"]
[Date "2023.02.28"]
[WhiteClock "0:00:08"]
[BlackClock "0:00:12"]

1. d4 Nf6 2. c4 g6 3. g3 c6 4. Bg2 d5 5. Nc3 Bg7 6. Nf3 O-O 7. O-O dxc4 8. Ne5 Ng4 9. f4 Nxe5 10. fxe5 c5 11. dxc5 Bxe5 12. Nd5 e6 13. Ne3 Bd4 14. Kh1 Bxc5 15. Nxc4 Qxd1 16. Rxd1 Nc6 17. Bh6 Re8 18. Nd6 Rd8 19. Ne4 Be7 20. Rxd8+ Nxd8 21. Rd1 f5 22. Nd6 Nf7 23. Bf4 Nxd6 24. Bxd6 Kf7 25. Be5 Ke8 26. Kg1 a5 27. Kf2 Ra6 28. Rc1 Bd7 29. Rc7 Bc6 30. Bxc6+ bxc6 31. Rb7 a4 32. Ke3 Bc5+ 33. Kd3 Ra7 34. Rb8+ Kd7 35. Rh8 h5 36. Kc4 Be7 37. Rg8 Rb7 38. Rxg6 Rb4+ 39. Kc3 Re4 40. Bf4 Rxe2 41. Rg7 Ke8 42. Rg8+ Kf7 43. Rc8 Bf6+ 44. Kd3 Rxb2 45. Rc7+ Ke8 46. Rxc6 Kd7 47. Rd6+ Ke7 48. Rc6 Rxa2 49. Rc7+ Ke8 50. Ra7 a3 51. Bd6 Rxh2 52. Rxa3 Rg2 53. Kc4 Rd2 54. Bf4 Rd4+ 55. Kb5 Rd5+ 56. Kc6 h4 57. Ra8+ Rd8 58. Rxd8+ Bxd8 59. gxh4 Bxh4 60. Kd6 Kf7 61. Ke5 Ke7 62. Bh6 Bg3+ 63. Kd4 Kf6 64. Ke3 e5 65. Kf3 Be1 66. Ke3 Bb4 67. Kf3 e4+ 68. Kg3 Bd6+ 69. Kf2 f4 70. Ke2 Kf5 71. Kf2 Bc5+ 72. Ke2 f3+ 73. Kf1 e3 74. Ke1 Ke4 75. Bg5 Bb4+ 76. Kf1 e2+ 77. Kg1 e1=Q+ 78. Kh2 Bd6+ 79. Kh3 Qg3# 0-1


[Site "https://www.chess.com"]

[Event "Titled Tuesday Blitz February 28 Early 2023"]
[White "Dehtiarov, Roman"]
[Black "Derjabin, Ilja"]
[WhiteFideId "14186640"]
[BlackFideId "14104768"]
[WhiteElo "2162"]
[BlackElo "2309"]
[Result "1-0"]
[Round "06"]
[TimeControl "180+2"]
[Date "2023.02.28"]
[WhiteClock "0:00:27"]
[BlackClock "0:00:01"]

1. e4 e6 2. d3 d5 3. Nd2 Nf6 4. g3 Bc5 5. Bg2 dxe4 6. Nxe4 Nxe4 7. Bxe4 Qf6 8. Qe2 Nc6 9. c3 e5 10. d4 Be7 11. d5 Nb8 12. Nf3 h6 13. c4 Nd7 14. Bd2 Nc5 15. Bc3 Bg4 16. h3 Nxe4 17. hxg4 Nxc3 18. bxc3 e4 19. Nd4 O-O 20. O-O Rfe8 21. Qxe4 Bc5 22. Qd3 Qg5 23. Nb3 Bd6 24. Qf5 Qxf5 25. gxf5 Re5 26. c5 Bf8 27. c4 Rxf5 28. Rfe1 h5 29. Re4 Rd8 30. Rae1 g6 31. Nd4 Rf6 32. c6 Bc5 33. cxb7 Bxd4 34. Re8+ Rxe8 35. Rxe8+ Kg7 36. b8=Q Rxf2 37. Rg8+ Kf6 38. Qd8+ Kf5 39. Qd7+ Kf6 40. Qc6+ Kg5 41. Qxc7 Rf1+ 42. Kxf1 1-0


[Site "https://www.chess.com"]